 Dungeon Crawl Stone Soup version 0.27-a0-898-g810843a28d (webtiles) character file.

Game seed: 11849412061089002535

1341 Lanoc the Ducker (level 8, -11/83 HPs)
             Began as a Troll Enchanter on Apr 6, 2021.
             Was a Priest of Vehumet.
             Mangled by a gnoll sergeant
             ... wielding a +0 trident
              (16 damage)
             ... in the Ecumenical Temple.
             The game lasted 00:06:24 (4734 turns).

Lanoc the Ducker (Troll Enchanter)                  Turns: 4734, Time: 00:06:24

Health: -11/83     AC:  5    Str: 17    XL:     8   Next: 35%
Magic:  8/8        EV: 11    Int: 12    God:    Vehumet [***...]
Gold:   293        SH:  0    Dex: 11    Spells: 8/9 levels left

rFire    . . .     SeeInvis .   (no weapon)
rCold    . . .     Faith    .   (no shield)
rNeg     . . .     Spirit   .   b - +0 robe
rPois    .         Reflect  .   (helmet restricted)
rElec    .         Harm     .   f - +0 cloak
rCorr    .         Rampage  .   (gloves unavailable)
Will     .....                  (boots unavailable)
Stlth    ++........             q - amulet of the acrobat
HPRegen  1.23/turn              (no ring)
MPRegen  0.11/turn              (no ring)

@: no status effects
A: large, unfitting armour, claws 3, regeneration 1, shaggy fur 1, tough skin 1
a: Renounce Religion


You were in the Ecumenical Temple.
You worshipped Vehumet.
Vehumet was most pleased with you.
You visited 2 branches of the dungeon, and saw 7 of its levels.

You collected 293 gold pieces.

Inventory:

Armour
 b - a +0 robe (worn)
 f - a +0 cloak (worn)
Jewellery
 q - an amulet of the acrobat (around neck)
Wands
 r - a wand of flame (19)
 t - a wand of digging (4)
Scrolls
 c - 7 scrolls of identify {unknown}
 e - 3 scrolls of teleportation {unknown}
 g - 2 scrolls of noise {unknown}
 h - a scroll of vulnerability {unknown}
 j - 2 scrolls of enchant armour {unknown}
 k - a scroll of fear {unknown}
 l - 2 scrolls of amnesia {unknown}
 o - a scroll of enchant weapon {unknown}
 p - a scroll of immolation {unknown}
 v - a scroll of magic mapping {unknown}
Potions
 a - a potion of cancellation {unknown}
 d - 2 potions of curing
 m - a potion of degeneration {unknown}
 n - a potion of invisibility {unknown}
 s - 2 potions of might {unknown}
 u - a potion of mutation {unknown}


   Skills:
 + Level 5.9 Fighting
 - Level 0.7 Short Blades
 + Level 6.2 Dodging
 - Level 1.5 Stealth
 - Level 1.2 Spellcasting
 - Level 2.0 Hexes


You had 8 spell levels left.
You knew the following spells:

 Your Spells              Type           Power      Damage    Failure   Level
a - Corona                Hex            5%         N/A       13%         1

Your spell library contained the following spells:

 Spells                   Type           Power      Damage    Failure   Level
 Inner Flame              Hex/Fire       3%         N/A       16%         3
 Dazzling Flash           Conj/Hex       6%         N/A       16%         3
 Animate Skeleton         Necr           0%         N/A       30%         1
 Apportation              Tloc           0%         N/A       30%         1
 Summon Small Mammal      Summ           0%         N/A       30%         1
 Ensorcelled Hibernation  Hex/Ice        6%         N/A       30%         2
 Confusing Touch          Hex            5%         N/A       36%         3
 Tukima's Dance           Hex            5%         N/A       36%         3


Dungeon Overview and Level Annotations

Branches:
Dungeon (6/15)             Temple (1/1) D:6

Altars:
Vehumet
Wu Jian
Zin


Innate Abilities, Weirdness & Mutations

You are too large for most types of armour.
You have claws for hands.
Your natural rate of healing is unusually fast.
You are covered in fur. (AC +1)
You have tough skin. (AC +1)


Message History

The gnoll sergeant hits you with a +0 trident!
You scratch the gnoll sergeant.
The gnoll sergeant is almost dead.
The gnoll closely misses you. The gnoll sergeant barely misses you.
You barely miss the gnoll sergeant.
The gnoll sergeant is almost dead.
The gnoll barely misses you. The gnoll sergeant closely misses you.
You barely miss the gnoll sergeant.
The gnoll sergeant is almost dead.
The gnoll hits you with a +0 spear. The gnoll sergeant barely misses you.
You scratch the gnoll sergeant but do no damage.
The gnoll sergeant is almost dead.
The gnoll hits you with a +0 spear.
The gnoll sergeant hits you with a +0 trident!
You scratch the gnoll sergeant.
The gnoll sergeant is almost dead.
The gnoll hits you with a +0 spear. The gnoll sergeant barely misses you.
You closely miss the gnoll sergeant.
The gnoll sergeant is almost dead.
The gnoll hits you with a +0 spear. The gnoll sergeant barely misses you.
You closely miss the gnoll sergeant.
The gnoll sergeant is almost dead.
The gnoll hits you with a +0 spear.
The gnoll sergeant hits you with a +0 trident!
* * * LOW HITPOINT WARNING * * *
You scratch the gnoll sergeant but do no damage.
The gnoll sergeant is almost dead.
The gnoll hits you but does no damage.
The gnoll sergeant hits you with a +0 trident!
* * * LOW HITPOINT WARNING * * *
You barely miss the gnoll sergeant.
The gnoll sergeant is almost dead.
The gnoll hits you with a +0 spear.
* * * LOW HITPOINT WARNING * * *
The gnoll sergeant hits you with a +0 trident.
* * * LOW HITPOINT WARNING * * *
You feel better. The gnoll hits you with a +0 spear!
* * * LOW HITPOINT WARNING * * *
The gnoll sergeant hits you with a +0 trident!
You die...

.. ... .#. . ..
.. ..# . ..
.#.. ... .. .#.
.#. .. .. #.._
.. .##.# .
...#.#...#..#
..#.#.)........
.......@g......
.......g..#.#..
#..#...#.#... .
#.##. .. _..#
.. .. .#. .#.
.. ... ..#. ..
. #.. .. .. .
.#. ... ..


You could see a gnoll sergeant and a gnoll.

Vanquished Creatures
  A sky beast (D:6)
  An ice beast (D:6)
  A necrophage (D:5)
  An ogre (D:4)
  The ghost of Alarkh the Insei, an amateur DsGl (D:3)
  A centaur (D:5)
  A phantom (D:5)
  2 bullfrogs
  A gnoll sergeant (D:6)
  A scorpion (D:5)
  A bullfrog zombie (D:3)
  3 hounds
  A centaur skeleton (D:4)
  2 iguanas (D:5)
  11 gnolls
  11 adders
  A white imp (D:5)
  2 ufetubi
  3 worms (D:2)
  15 endoplasms
  5 giant cockroaches
  11 goblins
  5 hobgoblins
  4 jackals (D:3)
  4 quokkas
  4 ball pythons
  6 bats
  2 frilled lizards
  3 kobolds
  11 rats
116 creatures vanquished.

Notes
Turn   | Place    | Note
-------+----------+-------------------------------------------
     0 | D:1      | Lanoc the Troll Enchanter began the quest for the Orb.
     0 | D:1      | Reached XP level 1. HP: 16/16 MP: 1/1
   114 | D:1      | Reached XP level 2. HP: 26/26 MP: 2/2
   128 | D:1      | Reached skill level 2 in Dodging
   209 | D:1      | Reached skill level 1 in Fighting
   362 | D:1      | Reached XP level 3. HP: 32/33 MP: 3/3
  1172 | D:2      | Found a faded altar of an unknown god.
  1180 | D:2      | Became a worshipper of Vehumet
  1180 | D:2      | Reached * piety under Vehumet
  1180 | D:2      | Offered knowledge of Shock by Vehumet.
  1613 | D:3      | Reached XP level 4. HP: 42/42 MP: 4/4
  2073 | D:3      | Reached skill level 3 in Dodging
  2131 | D:3      | Found a runed translucent door.
  2131 | D:3      | Noticed a bullfrog
  2134 | D:3      | Noticed Alarkh's ghost (amateur DsGl)
  2142 | D:3      | Killed a bullfrog
  2143 | D:3      | Reached XP level 5. HP: 44/50 MP: 5/5
  2153 | D:3      | Killed Alarkh's ghost
  2153 | D:3      | Reached ** piety under Vehumet
  2207 | D:3      | Offered knowledge of Freeze by Vehumet.
  2494 | D:3      | Reached XP level 6. HP: 59/61 MP: 6/6
  2729 | D:4      | Reached skill level 4 in Dodging
  3348 | D:5      | Entered Level 5 of the Dungeon
  3390 | D:5      | Reached XP level 7. HP: 69/70 MP: 7/7
  3707 | D:5      | Reached skill level 5 in Dodging
  4081 | D:6      | Reached skill level 5 in Fighting
  4335 | D:6      | Offered knowledge of Inner Flame by Vehumet.
  4336 | D:6      | Reached XP level 8. HP: 74/80 MP: 8/8
  4403 | D:6      | Found a staircase to the Ecumenical Temple.
  4412 | Temple   | Entered the Ecumenical Temple
  4440 | D:6      | Reached *** piety under Vehumet
  4441 | D:6      | Reached skill level 6 in Dodging
  4631 | D:6      | HP: 4/83 [gnoll sergeant/+0 trident (16)]
  4733 | Temple   | HP: 3/83 [gnoll sergeant/+0 trident (6)]
  4734 | Temple   | Mangled by a gnoll sergeant

Illustrated notes

Levels and vault maps discovered:
D:1:      dpeg_arrival_central, layout_basic
D:2:      layout_loops_ring, basic_ecumenical_altar
D:3:      layout_basic, ebering_ghost_sewer_d
D:4:      layout_basic
D:5:      layout_basic
D:6:      layout_basic, minmay_temple_entry_stoned_glass,
          gammafunk_ghost_stat_death
Temple:   regret_index_temple_chain_breaker

Skill      XL: |  1  2  3  4  5  6  7  8 |
---------------+-------------------------+-----
Dodging        | 2 3 4 5 6 |  6.2
Fighting       | 1 2 3 4 5 |  5.9
Short Blades   | |  0.7
Stealth        | |  1.5
Spellcasting   | |  1.2
Hexes          | |  2.0

Action                   |  1- 3 |  4- 6 |  7- 9 || total
-------------------------+-------+-------+-------++-------
Melee: Unarmed           |   135 |   148 |   215 ||   498
Throw: Large rock        |       |     6 |    21 ||    27
 Cast: Corona            |       |     1 |       ||     1
  Use: Potion            |       |       |     1 ||     1
 Stab: Sleeping          |     5 |     4 |       ||     9
Armor: Robe              |    43 |    53 |    67 ||   163
Dodge: Dodged            |    58 |    97 |   198 ||   353

Table legend: (Time is in decaauts)
 A = Elapsed time spent in this place.
 B = Non-inter-level travel time spent in this place.
 C = Inter-level travel time spent in this place.
 D = Time resting spent in this place.
 E = Time spent auto-exploring this place.
 F = Levels seen in this place.
 G = Mean time per level.
                   A        B        C        D        E       F      G
               +--------+--------+--------+--------+--------+-----+--------+
         Total |   4768 |   4591 |    177 |     96 |   3430 |   7 |  681.1 |
       Dungeon |   4683 |   4506 |    177 |     36 |   3430 |   6 |  780.5 |
        Temple |     85 |     85 |      0 |     60 |      0 |   1 |   85.0 |
               +--------+--------+--------+--------+--------+-----+--------+

Top non-repeatable levels by time:
     D:3: 1127 daAuts
     D:1: 900 daAuts
     D:5: 864 daAuts
     D:2: 669 daAuts
     D:4: 661 daAuts
     D:6: 460 daAuts
  Temple: 85 daAuts
